 Dungeon Crawl Stone Soup version 0.19.5 (webtiles) character file.

58263 equalderp2856 the Unseen (level 14, 0/67 HPs)
             Began as a Felid Fighter on Mar 22, 2017.
             Slain by a merfolk impaler
             ... wielding a +2 trident of distortion
              (12 damage)
             ... on level 2 of the Shoals on Mar 23, 2017.
             The game lasted 06:07:36 (82227 turns).

equalderp2856 the Unseen (Felid Fighter)           Turns: 82227, Time: 06:07:37

Health: 0/67       AC:  3    Str: 13    XL:     14   Next: 48%
Magic:  0/41       EV: 26    Int: 14    God:
Gold:   1315       SH:  0    Dex: 17    Spells: 12 memorised, 12 levels left
                                        Lives:  0   Deaths: 3

rFire  . . .     SeeInvis +       - Unarmed
rCold  + . .     Gourm    .     (armour unavailable)
rNeg   . . .     Faith    .     (shield unavailable)
rPois  .         Spirit   +     (helmet unavailable)
rElec  .         Reflect  .     (cloak unavailable)
rCorr  .         Harm     .     (gloves unavailable)
MR     +++..                    (boots unavailable)
Stlth  +++++++...               E - amulet of guardian spirit
                                w - ring of magical power
                                R - ring of protection from magic

@: very slightly contaminated, repel missiles, quick
A: no armour, no weapons or thrown items, stealth, claws 1, fangs 3, see
invisible, carnivore 3, speed 1, shaggy fur 3, slow metabolism 1, sharp paws
a: no special abilities


You were on level 2 of the Shoals.
You were not hungry.

You visited 7 branches of the dungeon, and saw 29 of its levels.
You also visited: Labyrinth.

You collected 2435 gold pieces.
You spent 1120 gold pieces at shops.

Inventory:

Jewellery
 c - an uncursed ring of positive energy
 p - an uncursed amulet of regeneration
 w - a ring of magical power (right paw)
 E - an amulet of guardian spirit (around neck)
 G - a +3 ring of evasion
 L - an uncursed ring of positive energy
 M - a +3 ring of evasion
 O - a +3 amulet of reflection
 P - an uncursed ring of flight
 Q - an uncursed ring of fire
 R - a ring of protection from magic (left paw)
 T - a +2 ring of protection
 U - a +2 ring of dexterity
 X - an uncursed amulet of rage
Wands
 d - a wand of lightning (3/15)
 y - a wand of random effects (12/48)
 C - a wand of teleportation (0/9)
 I - a wand of iceblast (7/15)
 V - a wand of polymorph (22/24)
 Z - a wand of disintegration (0/24)
Scrolls
 e - 2 scrolls of amnesia
 f - a scroll of fear
 h - 5 scrolls of magic mapping
 i - 6 scrolls of remove curse
 o - 3 scrolls of teleportation
 s - 3 scrolls of identify
 v - 3 scrolls of fog
 Y - a scroll of brand weapon {unknown}
Potions
 a - 5 potions of might
 j - 5 potions of brilliance
 l - a potion of heal wounds
 n - 4 potions of berserk rage
 q - 2 potions of haste
 r - 2 potions of cancellation
 A - 3 potions of flight
 H - 2 potions of curing
 W - a potion of ambrosia
Books
 k - a book of Changes

   Spells                             Type                      Level
   a - Beastly Appendage              Transmutation                1
   b - Sticks to Snakes               Transmutation                2
   c - Spider Form                    Transmutation/Poison         3
   d - Ice Form                       Ice/Transmutation            4
   e - Blade Hands                    Transmutation                5
 m - a book of Changes

   Spells                             Type                      Level
   a - Beastly Appendage              Transmutation                1
   b - Sticks to Snakes               Transmutation                2
   c - Spider Form                    Transmutation/Poison         3
   d - Ice Form                       Ice/Transmutation            4
   e - Blade Hands                    Transmutation                5
 t - a book of Flames

   Spells                             Type                      Level
   a - Flame Tongue                   Conjuration/Fire             1
   b - Throw Flame                    Conjuration/Fire             2
   c - Conjure Flame                  Conjuration/Fire             3
   d - Inner Flame                    Hexes/Fire                   3
   e - Sticky Flame                   Conjuration/Fire             4
   f - Fireball                       Conjuration/Fire             5
 x - a book of Misfortune

   Spells                             Type                      Level
   a - Confusing Touch                Hexes                        1
   b - Confuse                        Hexes                        3
   c - Gell's Gravitas                Hexes/Translocation          3
   d - Petrify                        Transmutation/Earth          4
   e - Metabolic Englaciation         Hexes/Ice                    5
   f - Yara's Violent Unravelling     Hexes/Transmutation          5
 z - a book of Minor Magic

   Spells                             Type                      Level
   a - Magic Dart                     Conjuration                  1
   b - Blink                          Translocation                2
   c - Call Imp                       Summoning                    2
   d - Repel Missiles                 Charms/Air                   2
   e - Slow                           Hexes                        2
   f - Conjure Flame                  Conjuration/Fire             3
   g - Mephitic Cloud                 Conjuration/Poison/Air       3
 B - a book of Cantrips

   Spells                             Type                      Level
   a - Confusing Touch                Hexes                        1
   b - Animate Skeleton               Necromancy                   1
   c - Summon Small Mammal            Summoning                    1
   d - Apportation                    Translocation                1
 D - Sif Muna's Disquisition on Creative Confrontation
   (You found it on level 1 of the Elven Halls)

   Spells                             Type                      Level
   a - Summon Butterflies             Summoning                    1
   b - Static Discharge               Conjuration/Air              3
   c - Fireball                       Conjuration/Fire             5
   d - Bolt of Fire                   Conjuration/Fire             6
 F - a book of Maledictions

   Spells                             Type                      Level
   a - Corona                         Hexes                        1
   b - Ensorcelled Hibernation        Hexes/Ice                    2
   c - Confuse                        Hexes                        3
   d - Tukima's Dance                 Hexes                        3
   e - Dazzling Spray                 Conjuration/Hexes            3
 J - a book of Conjurations

   Spells                             Type                      Level
   a - Magic Dart                     Conjuration                  1
   b - Searing Ray                    Conjuration                  2
   c - Dazzling Spray                 Conjuration/Hexes            3
   d - Fulminant Prism                Conjuration/Hexes            4
   e - Iskenderun's Mystic Blast      Conjuration                  4
   f - Iskenderun's Battlesphere      Conjuration/Charms           5
 K - a book of Beasts

   Spells                             Type                      Level
   a - Summon Butterflies             Summoning                    1
   b - Call Canine Familiar           Summoning                    3
   c - Summon Ice Beast               Ice/Summoning                4
   d - Summon Mana Viper              Hexes/Summoning              5
   e - Summon Hydra                   Summoning                    7
 N - a book of Cantrips

   Spells                             Type                      Level
   a - Confusing Touch                Hexes                        1
   b - Animate Skeleton               Necromancy                   1
   c - Summon Small Mammal            Summoning                    1
   d - Apportation                    Translocation                1
 S - a book of Ice

   Spells                             Type                      Level
   a - Ice Form                       Ice/Transmutation            4
   b - Metabolic Englaciation         Hexes/Ice                    5
   c - Ozocubu's Refrigeration        Ice                          6
   d - Bolt of Cold                   Conjuration/Ice              6
   e - Freezing Cloud                 Conjuration/Ice/Air          6
   f - Simulacrum                     Ice/Necromancy               6
Miscellaneous
 u - a box of beasts
Comestibles
 b - 9 meat rations
 g - a beef jerky


   Skills:
 + Level 11.3 Fighting
 + Level 10.2 Dodging
 + Level 16.8 Stealth
 + Level 15.0 Unarmed Combat
 + Level 13.2 Spellcasting
 + Level 14.2 Hexes
 + Level 1.3 Charms
 + Level 9.7 Summonings
 + Level 0.4 Translocations
 + Level 5.8 Ice Magic
 + Level 1.0 Air Magic
 + Level 0.7 Evocations


You had 12 spell levels left.
You knew the following spells:

 Your Spells              Type           Power        Failure   Level  Hunger
a - Confusing Touch       Hex            #####.       1%          1    None
b - Confuse               Hex            #####...     1%          3    None
c - Summon Small Mammal   Summ           ####         1%          1    None
d - Repel Missiles        Chrm/Air       ##....       10%         2    None
e - Swiftness             Chrm/Air       ##......     10%         2    None
f - Blink                 Tloc           N/A          12%         2    None
g - Slow                  Hex            #####...     1%          2    None
h - Call Imp              Summ           #####...     1%          2    None
i - Corona                Hex            #####..      1%          1    None
j - Ensorcelled Hibernat  Hex/Ice        #####.       1%          2    None
k - Summon Mana Viper     Hex/Summ       #####...     1%          5    #####..
l - Summon Ice Beast      Ice/Summ       ####....     3%          4    ###....


Dungeon Overview and Level Annotations

Branches:
Dungeon (15/15)            Temple (1/1) D:4            Lair (6/6) D:10
 Shoals (3/4) Lair:3        Snake (1/4) Lair:3        Slime (0/5) Lair:6
    Orc (2/2) D:10            Elf (1/3) Orc:2        Vaults (0/5) D:13
 Depths (0/5) D:15

Altars:
Ashenzari
Cheibriados
Dithmenos
Elyvilon
Fedhas
Gozag
Hepliaklqana
Makhleb
Nemelex Xobeh
Okawaru
Qazlal
Ru
Sif Muna
Trog
Uskayaw
Vehumet
Xom
Yredelemnul
Zin
The Shining One
Beogh
Jiyva

Shops:
D:13 }   Orc:2 [%[:   Elf:1 :   Shoals:1 }   Shoals:2 (

Portals:
Hell: Lair:6

Annotations:
D:3 galech's ghost, amateur MiFi
D:6 Menkaure; Pikel
Shoals:3 Aizul


Innate Abilities, Weirdness & Mutations

You cannot wear armour.
You are incapable of wielding weapons or throwing items.
Your paws allow you to move quietly. (Stealth)
You have sharp claws.
You have razor-sharp teeth.
You have supernaturally acute eyesight. (SInv)
You are carnivorous and can eat meat at any time.
You cover ground quickly.
Your thick and shaggy fur keeps you warm. (AC +3, rC+)
You have a slow metabolism.
Your sharp claws are effective at attacking unaware monsters.


Message History

You miscast Blink.
You are very lightly contaminated with residual magic.
The floor and the ceiling briefly switch places.
The merfolk impaler barely misses you.
Unknown command.
Casting: Blink
Confirm with . or Enter, or press ? or * to list all spells.
You blink.
Casting: Blink
Confirm with . or Enter, or press ? or * to list all spells.
You don't have enough magic to cast that spell.
Unknown command.
Unknown command.
You enter the shallow water.
Moving in this stuff is going to be slow.
You enter the shallow water.
Moving in this stuff is going to be slow.
The merfolk impaler misses you.
The merfolk impaler hits you from afar with a +2 trident of distortion!
You die...

≈≈≈≈≈≈≈≈(≈≈.# #.P≈≈≈≈P≈≈≈≈......≈
≈≈≈≈≈≈≈≈....# #..≈≈≈P≈...≈...≈.≈≈
≈≈≈≈≈≈≈...#[###P≈≈≈≈≈..≈≈≈≈≈≈≈≈≈≈
≈≈≈≈≈≈..###..P.P≈≈≈≈≈≈≈≈≈≈≈≈≈≈≈≈≈
≈≈≈≈≈≈.## #...≈P≈≈≈≈≈≈≈≈....≈≈≈≈≈
≈≈≈≈≈≈..###...≈≈≈≈P≈≈≈≈.≈≈≈≈≈≈≈≈≈
≈≈...≈≈..##.≈≈PmPP≈≈≈P≈≈≈≈≈≈≈≈≈≈≈
≈..#..≈.........P≈≈≈≈≈≈≈≈≈≈≈≈≈≈≈≈
≈≈###≈..####.^..@.≈≈≈≈≈≈≈≈≈≈≈≈≈≈≈
≈≈≈≈≈≈≈## ##.###..≈≈≈≈≈≈≈≈≈≈....
≈≈((≈≈≈# ##..###.≈≈≈≈≈≈≈≈≈≈....
≈≈≈≈≈≈.## #...###>≈≈≈≈≈≈≈≈≈≈≈...
≈≈...≈..####.≈≈≈..≈≈≈≈≈≈≈≈≈≈≈≈≈.≈
≈..#(.≈......≈≈≈≈≈≈≈≈≈≈≈≈≈≈≈≈≈...
≈.###((≈≈.)≈≈≈≈≈≈≈≈≈≈≈≈≈≈.≈......
..# #(.(≈(≈≈≈≈≈≈≈≈≈≈≈..≈≈..##...≈
..###<[≈≈≈≈≈≈≈≈≈≈≈≈≈...≈≈≈......≈


You could see a merfolk impaler.

Vanquished Creatures
  2 dire elephants
  A merfolk impaler (Shoals:1)
  A merfolk javelineer (Shoals:1)
  The ghost of sveltemanboy the Impaler, a journeyman DsGl of Ashenzari (Lair:3)
  An ogre mage (D:15)
  The ghost of Chrigeo the Destroyer, a journeyman DsCj of Vehumet (D:11)
  7 hydras
  A hell beast (Lair:5)
  A merfolk avatar (Shoals:1)
  2 merfolk aquamancers
  A centaur warrior (D:13)
  3 catoblepae
  8 death yaks
  2 anacondas
  2 satyrs (Shoals:1)
  A dancing weapon (Elf:1)
  4 orc high priests (Orc:2)
  4 deep elf knights (Elf:1)
  A shock serpent (Snake:1)
  5 sea snakes
  A deep troll (D:15)
  3 unseen horrors
  A wizard (Lair:6)
  4 deep elf archers (Elf:1)
  5 orc knights
  3 hill giants
  An oklob plant (Lair:4)
  9 harpies
  3 ugly things (D:14)
  6 manticores
  18 deep elf magi
  3 cyclopes
  2 fauns (Shoals:1)
  5 orc sorcerers
  19 elephants
  2 centaur zombies
  4 sirens
  4 orange demons (Lair:6)
  3 black mambas
  2 gargoyles (Lab)
  24 spiny frogs
  11 rime drakes
  A kobold demonologist (D:11)
  8 komodo dragons
  6 centaur skeletons
  A yaktaur (D:15)
  3 ice devils (Lair:6)
  2 red devils (Lair:6)
  A hellwing (Lair:6)
  7 trolls
  A polar bear (shapeshifter) (D:15)
  11 merfolk
  3 hornets
  13 slime creatures
  2 wind drakes (Shoals:1)
  A wind drake (shapeshifter) (D:13)
  27 blink frogs
  A minotaur skeleton (Lab)
  3 snapping turtles
  19 hippogriffs
  11 dream sheep
  3 redbacks
  Sigmund (D:4)
  2 wraiths
  6 wyverns
  7 water elementals
  27 yaks
  2 fire elementals
  8 basilisks
  A steam dragon (Lair:4)
  15 hungry ghosts
  A warg (Orc:2)
  Edmund (D:3)
  2 nagas (Lair:3)
  19 water moccasins
  Duvessa (D:6)
  11 porcupines
  A black bear (D:13)
  A sky beast (D:8)
  29 orc warriors
  5 ice beasts
  A necrophage (D:11)
  4 wolves
  2 phantoms
  19 ogres
  20 centaurs
  23 crocodiles
  3 big kobolds
  26 bullfrogs
  2 earth elementals
  Blork the orc (D:4)
  Dowan (D:6)
  A water moccasin zombie (D:10)
  6 scorpions
  14 wights
  5 electric eels
  5 howler monkeys
  4 crimson imps
  A bullfrog zombie (D:5)
  A quasit (D:11)
  26 orc priests
  7 hounds
  4 jellies
  3 bullfrog skeletons
  Crazy Yiuf (D:5)
  6 iguanas
  21 orc wizards
  11 worker ants
  A hound skeleton (D:4)
  3 worker ant zombies
  14 adders
  A river rat (Lair:2)
  4 shadow imps
  2 adder zombies
  2 adder skeletons
  A dart slug (D:2)
  10 worms
  10 leopard geckos
  84 orcs
  A ball python (D:3)
  11 bats
  6 giant cockroaches
  8 goblins
  8 hobgoblins
  16 jackals
  4 quokkas
  6 frilled lizards
  18 kobolds
  A leopard gecko skeleton (D:6)
  A quokka skeleton (D:4)
  A quokka zombie (D:6)
  8 rats
  A fungus (Lair:5)
  7 plants
893 creatures vanquished.

Vanquished Creatures (collateral kills)
  Polyphemus (Shoals:2)
  2 deep elf sorcerers (Elf:1)
  A deep elf death mage (Elf:1)
  A merfolk impaler (Shoals:2)
  An ogre mage (D:15)
  4 vault guards
  Erolcha (D:12)
  3 centaur warriors
  4 merfolk avatars
  An alligator snapping turtle (Shoals:2)
  8 dancing weapons (Elf:1)
  A shock serpent (Snake:1)
  4 deep elf knights (Elf:1)
  2 sea snakes (Shoals:2)
  An unseen horror (D:13)
  3 harpies
  4 deep elf archers (Elf:1)
  21 deep elf magi (Elf:1)
  2 mana vipers (Snake:1)
  6 ugly things (D:14)
  4 manticores
  3 fauns (Shoals:1)
  2 cyclopes
  3 slime creatures (D:14)
  2 black mambas (Snake:1)
  A siren (Shoals:2)
  A centaur skeleton (D:13)
  A naga mage (Snake:1)
  3 yaktaurs (D:14)
  A troll (D:13)
  7 merfolk
  2 tengu conjurers (D:14)
  A two-headed ogre (D:14)
  A snapping turtle (Shoals:3)
  A shadow (D:13)
  An air elemental (Elf:1)
  A water elemental (Shoals:2)
  A hog (shapeshifter) (D:13)
  4 vampire mosquitoes (D:15)
  A basilisk (Shoals:3)
  An orc warrior (D:13)
  2 bullfrogs (D:13)
  2 wights (D:13)
  An orc priest (D:13)
  An orc (D:13)
  A plant (Shoals:2)
120 creatures vanquished.

Vanquished Creatures (others)
  A harpy (Shoals:3)
  2 deep elf magi (Elf:1)
  An orc priest (Orc:2)
  An orc wizard (Orc:2)
  12 fungi
  29 plants
  A withered plant (Shoals:3)
47 creatures vanquished.

Grand Total: 1060 creatures vanquished

Notes
Turn   | Place    | Note
-------+----------+-------------------------------------------
     0 | D:1      | equalderp2856 the Felid Fighter began the quest for the Orb.
     0 | D:1      | Reached XP level 1. HP: 10/10 MP: 2/2
   307 | D:1      | Reached XP level 2. HP: 14/14 MP: 3/3
   956 | D:2      | Reached XP level 3. HP: 9/17 MP: 4/4
  1719 | D:2      | Reached skill level 5 in Unarmed Combat
  2046 | D:2      | Reached skill level 1 in Stealth
  2050 | D:2      | Reached XP level 4. HP: 20/21 MP: 5/5
  2778 | D:3      | Reached skill level 2 in Stealth
  2821 | D:3      | Found a blossoming altar of Fedhas.
  3063 | D:3      | Noticed galech's ghost (amateur MiFi)
  3685 | D:4      | Reached skill level 3 in Stealth
  3685 | D:4      | Reached XP level 5. HP: 24/24 MP: 6/6
  3763 | D:4      | Noticed Edmund
  3972 | D:4      | Noticed Blork the orc
  3982 | D:4      | Killed Blork the orc
  4126 | D:4      | Noticed Sigmund
  4235 | D:3      | Learned a level 1 spell: Confusing Touch
  4239 | D:3      | Learned a level 3 spell: Confuse
  4332 | D:4      | Found a staircase to the Ecumenical Temple.
  4389 | D:4      | Gained mutation: You are covered in thick fur. (AC +2) [Felid growth]
  4389 | D:4      | Reached XP level 6. HP: 27/28 MP: 7/7
  4747 | D:4      | Reached skill level 4 in Stealth
  4976 | D:3      | Killed Edmund
  4999 | D:4      | Killed Sigmund
  4999 | D:4      | Reached skill level 5 in Dodging
  4999 | D:4      | Reached skill level 5 in Stealth
  4999 | D:4      | Reached skill level 1 in Spellcasting
  4999 | D:4      | Reached XP level 7. HP: 31/31 MP: 10/10
  5057 | D:4      | Reached skill level 1 in Hexes
  5225 | D:5      | Entered Level 5 of the Dungeon
  5533 | D:5      | Found a runed door.
  5537 | D:5      | Noticed Crazy Yiuf
  5546 | D:5      | Killed Crazy Yiuf
  6491 | D:6      | Noticed Dowan
  6492 | D:6      | Noticed Duvessa
  6493 | D:6      | Reached XP level 8. HP: 34/34 MP: 11/11
  6530 | D:6      | Killed Duvessa
  6530 | D:6      | Reached skill level 6 in Stealth
  6631 | D:6      | Noticed Pikel
  6641 | D:6      | Noticed Menkaure
  6667 | D:6      | Killed Dowan
  6795 | D:7      | Found a hazy altar of Hepliaklqana.
  6798 | D:7      | Found a sparkling altar of Nemelex Xobeh.
  6810 | D:7      | Found an opulent altar of Gozag.
  6810 | D:7      | Found a glowing golden altar of the Shining One.
  7170 | D:7      | Reached skill level 7 in Stealth
  7271 | D:7      | Found a radiant altar of Vehumet.
  7271 | D:7      | Found a sacrificial altar of Ru.
  8212 | D:6      | Reached skill level 8 in Stealth
  8935 | D:8      | Reached XP level 9. HP: 37/38 MP: 13/13
  9431 | D:8      | Reached skill level 9 in Stealth
  9803 | D:8      | Reached skill level 10 in Unarmed Combat
 10167 | D:9      | Reached skill level 10 in Stealth
 11681 | D:9      | Noticed an unseen horror
 11983 | D:10     | Entered Level 10 of the Dungeon
 12411 | D:10     | Reached XP level 10. HP: 42/42 MP: 15/15
 13183 | D:10     | Reached skill level 11 in Stealth
 13396 | D:10     | Found a staircase to the Orcish Mines.
 13539 | D:10     | Reached skill level 5 in Hexes
 14619 | D:10     | Found a staircase to the Lair.
 15006 | D:11     | Found a labyrinth entrance.
 15014 | Lab      | Entered a labyrinth
 15037 | Lab      | Found an exit through the horrors of the Abyss.
 15063 | Lab      | Reached XP level 11. HP: 43/45 MP: 18/18
 15071 | Lab      | Found an exit through the horrors of the Abyss.
 15289 | Lab      | Found an exit through the horrors of the Abyss.
 15413 | Lab      | Found an exit through the horrors of the Abyss.
 15419 | Lab      | Found an exit through the horrors of the Abyss.
 15545 | Lab      | Reached skill level 12 in Stealth
 15674 | Lab      | Found an exit through the horrors of the Abyss.
 15845 | Lab      | Found an exit through the horrors of the Abyss.
 15986 | Lab      | Found an exit through the horrors of the Abyss.
 16733 | Lab      | Learned a level 1 spell: Summon Small Mammal
 16736 | Lab      | Learned a level 2 spell: Repel Missiles
 16739 | Lab      | Learned a level 2 spell: Swiftness
 17223 | Lab      | Noticed a minotaur
 17349 | D:11     | Noticed an unseen horror
 17620 | D:11     | Noticed Chrigeo's ghost (journeyman DsCj)
 18440 | Lair:1   | Entered Level 1 of the Lair of Beasts
 18772 | D:10     | Reached skill level 5 in Spellcasting
 19135 | Lair:1   | Learned a level 2 spell: Blink
 19692 | Lair:1   | Learned a level 2 spell: Slow
 19748 | Lair:2   | Reached skill level 13 in Stealth
 19966 | Lair:1   | Noticed a five-headed hydra
 20488 | Lair:1   | Killed a five-headed hydra
 20488 | Lair:1   | Gained mutation: Your thick and shaggy fur keeps you warm. (AC +3, rC+) [Felid growth]
 20488 | Lair:1   | Reached XP level 12. HP: 49/49 MP: 18/21
 21092 | Lair:2   | Reached skill level 14 in Stealth
 22185 | Lair:3   | Noticed sveltemanboy's ghost (journeyman DsGl)
 22187 | Lair:3   | Found a staircase to the Shoals.
 22926 | Lair:3   | Found a staircase to the Snake Pit.
 22966 | Lair:4   | Reached skill level 1 in Air Magic
 23051 | Lair:4   | Reached skill level 10 in Hexes
 23179 | Lair:3   | Killed sveltemanboy's ghost
 23678 | Lair:3   | Reached skill level 15 in Stealth
 24838 | D:10     | Learned a level 2 spell: Call Imp
 24868 | Orc:1    | Entered Level 1 of the Orcish Mines
 24978 | D:10     | Reached XP level 13. HP: 50/54 MP: 12/25
 26003 | Orc:2    | Entered Level 2 of the Orcish Mines
 26800 | D:11     | Killed Chrigeo's ghost
 27416 | Orc:2    | Reached skill level 5 in Fighting
 28165 | Orc:2    | Found a roughly hewn altar of Beogh.
 28504 | Orc:2    | Found a staircase to the Elven Halls.
 30703 | Orc:2    | Reached skill level 16 in Stealth
 30813 | Orc:2    | Found Fugif's Antique Armour Shoppe.
 30813 | Orc:2    | Found Yllyuhek's Book Boutique.
 30817 | Orc:2    | Found Seunioff's Armour Boutique.
 30817 | Orc:2    | Found Kuutoiff's Food Shoppe.
 31125 | Orc:2    | Bought a book of Maledictions for 350 gold pieces
 31125 | Orc:2    | Bought a book of Beasts for 770 gold pieces
 31718 | Lair:1   | Learned a level 1 spell: Corona
 31721 | Lair:1   | Learned a level 2 spell: Ensorcelled Hibernation
 32295 | Lair:4   | Reached skill level 1 in Summonings
 32664 | Lair:4   | Found a radiant altar of Vehumet.
 34536 | Lair:6   | Entered Level 6 of the Lair of Beasts
 34570 | Lair:6   | Reached XP level 14. HP: 56/61 MP: 23/27
 35545 | Lair:6   | Found a staircase to the Slime Pits.
 35545 | Lair:6   | Found a viscous altar of Jiyva.
 38369 | Lair:4   | Reached skill level 5 in Summonings
 39594 | Lair:6   | Reached skill level 10 in Fighting
 40482 | Lair:6   | Reached skill level 10 in Spellcasting
 42744 | Lair:5   | Mangled by a hell beast
 42745 | Lair:5   | Reached XP level 13. HP: -8/62 MP: 0/28
 43820 | Lair:5   | Reached XP level 14. HP: 58/66 MP: 23/29
 44184 | Lair:6   | Found a burning altar of Makhleb.
 44191 | Lair:6   | Found a gateway to Hell.
 45826 | Shoals:1 | Entered Level 1 of the Shoals
 47456 | Shoals:1 | Found Janib's Gadget Boutique.
 48285 | Lair:3   | Learned a level 5 spell: Summon Mana Viper
 48338 | Lair:3   | Reached skill level 1 in Ice Magic
 51063 | Shoals:1 | Learned a level 4 spell: Summon Ice Beast
 51807 | Shoals:2 | Found Ruxim's Weapon Shop.
 52783 | Shoals:1 | HP: 3/67 [something/blast of calcifying dust[Polyphemus] (2)]
 54313 | Shoals:3 | Noticed Aizul
 55062 | Shoals:2 | Noticed Polyphemus
 55897 | Shoals:1 | HP: 1/67 [faun/uncursed spear[a satyr] (20)]
 57460 | Shoals:2 | Reached XP level 15. HP: 53/71 MP: 21/31
 58185 | Shoals:2 | Killed Polyphemus
 58584 | Snake:1  | Entered Level 1 of the Snake Pit
 61027 | D:12     | Noticed Erolcha
 61059 | D:12     | Killed Erolcha
 62498 | D:13     | Found Baat's Gadget Shop.
 63101 | D:13     | Found a gate to the Vaults.
 65796 | D:14     | Found a frozen archway.
 65866 | D:14     | Reached skill level 1 in Charms
 67016 | D:15     | Entered Level 15 of the Dungeon
 69406 | D:15     | Reached skill level 5 in Ice Magic
 69645 | D:15     | Found a staircase to the Depths.
 69869 | D:15     | Paralysed by a hornet for 3 turns
 70445 | Temple   | Entered the Ecumenical Temple
 70879 | Elf:1    | Entered Level 1 of the Elven Halls
 71544 | Elf:1    | Found Qepsies's Book Shop.
 71892 | Elf:1    | Reached skill level 10 in Dodging
 73031 | Elf:1    | Noticed a deep elf sorcerer
 73054 | Elf:1    | Killed a deep elf sorcerer
 73540 | Elf:1    | Reached XP level 16. HP: 75/75 MP: 24/33
 77485 | Elf:1    | Reached skill level 15 in Unarmed Combat
 78671 | Elf:1    | Identified Sif Muna's Disquisition on Creative Confrontation
 80898 | Shoals:3 | Slain by a harpy
 80899 | Shoals:3 | Reached XP level 15. HP: -4/71 MP: 0/42
 81745 | Shoals:3 | Mangled by a merfolk impaler
 81746 | Shoals:3 | Reached XP level 14. HP: -6/67 MP: 0/41
 82227 | Shoals:2 | Slain by a merfolk impaler

Skill      XL: |  1  2  3  4  5  6  7  8  9 10 11 12 13 14 15 16 |
---------------+-------------------------------------------------+-----
Unarmed Combat | 5 6 7 9 10 12 13 14 15 | 15.0
Stealth        | 1 3 5 8 10 11 13 15 16 | 16.8
Dodging        | 5 6 7 8 9 10 | 10.2
Spellcasting   | 1 2 4 5 7 8 11 12 13 | 13.2
Hexes          | 2 3 6 9 10 11 12 13 14 | 14.2
Fighting       | 4 7 11 | 11.3
Air Magic      | 1 |  1.0
Summonings     | 2 7 9 |  9.7
Ice Magic      | 3 5 |  5.8
Charms         | 1 |  1.3
Translocations | |  0.4
Evocations     | |  0.7

Action                   |  1- 3 |  4- 6 |  7- 9 | 10-12 | 13-15 | 16-18 || total
-------------------------+-------+-------+-------+-------+-------+-------++-------
Melee: Unarmed           |   113 |   133 |   419 |   707 |  1908 |   120 ||  3400
       Punch             |     1 |     4 |    13 |    51 |   156 |    15 ||   240
       Bite              |     9 |    15 |    39 |    88 |   261 |    18 ||   430
 Cast: Confusing Touch   |       |     3 |    26 |    68 |   313 |    32 ||   442
       Confuse           |       |       |       |   100 |    57 |     8 ||   165
       Swiftness         |       |       |       |     2 |       |       ||     2
       Repel Missiles    |       |       |       |     2 |    23 |     2 ||    27
       Ensorcelled Hiber |       |       |       |       |   192 |    12 ||   204
       Summon Mana Viper |       |       |       |       |   182 |   104 ||   286
       Summon Ice Beast  |       |       |       |       |   146 |    66 ||   212
       Call Imp          |       |       |       |       |    17 |     4 ||    21
       Summon Small Mamm |       |       |       |       |     9 |       ||     9
       Blink             |       |       |       |       |     5 |     5 ||    10
Evoke: Wand              |       |       |       |     6 |     6 |       ||    12
  Use: Potion            |       |     2 |     1 |     3 |     6 |     1 ||    13
       Scroll            |       |       |    15 |     8 |    10 |       ||    33
 Stab: Sleeping          |     2 |     4 |    18 |    38 |    92 |     2 ||   156
       Confused          |       |     4 |    22 |    67 |   181 |    14 ||   288
       Distracted        |       |       |     1 |     2 |    12 |     2 ||    17
  Eat: Chunk             |     5 |     8 |    23 |    31 |   124 |    28 ||   219
       Beef jerky        |       |       |       |     4 |     3 |     2 ||     9
       Royal jelly       |       |       |       |     1 |       |       ||     1
       Meat ration       |       |       |       |       |     4 |     1 ||     5
       Pizza             |       |       |       |       |       |     1 ||     1
Armor: Skin              |     5 |     8 |    15 |    20 |    63 |     7 ||   118
Dodge: Dodged            |    97 |    69 |   278 |   467 |  1757 |   152 ||  2820
       Deflected         |       |       |       |     5 |    69 |    12 ||    86
